 Dungeon Crawl Stone Soup version 0.21-a0-401-g0b6bec4 (webtiles) character file.

331 frosgods the Ruffian (level 6, -1/51 HPs)
             Began as a Draconian Transmuter on Oct 24, 2017.
             Slain by an ogre
             ... wielding a +0 giant club
              (20 damage)
             ... on level 4 of the Dungeon on Oct 25, 2017.
             The game lasted 00:31:06 (3666 turns).

frosgods the Ruffian (Draconian Transmuter)         Turns: 3666, Time: 00:31:06

Health: -1/51      AC:  7    Str: 13    XL:     6   Next: 26%
Magic:  0/10       EV: 12    Int: 14    God:
Gold:   138        SH:  4    Dex: 12    Spells: 10/11 levels left

rFire    . . .     SeeInvis .   m - +2 mace (holy)
rCold    . . .     Gourm    .   w - +0 buckler
rNeg     . . .     Faith    .   (armour unavailable)
rPois    .         Spirit   +   (helmet restricted)
rElec    .         Reflect  .   (no cloak)
rCorr    .         Harm     .   s - +0 pair of gloves
MR       .....                  (no boots)
Stlth    +.........             x - amulet of guardian spirit
HPRegen  0.17/turn              (no ring)
MPRegen  0.12/turn              (no ring)

@: lethally poisoned (-1 -> -3)
A: unfitting armour, cold-blooded, AC +6
a: no special abilities


You were on level 4 of the Dungeon.
You were not hungry.

You visited 1 branch of the dungeon, and saw 4 of its levels.

You collected 138 gold pieces.

Inventory:

Hand Weapons
 d - a +0 spear
 e - a +0 short sword
 g - a +0 club
 j - a +0 whip
 m - a +2 mace of holy wrath (weapon)
 r - a cursed -1 short sword
 C - a +0 whip
 F - a cursed +0 blowgun
 G - a +0 short sword
Missiles
 a - 31 arrows
 k - 6 tomahawks (quivered)
 q - 71 bolts
 H - 11 poisoned needles
Armour
 i - a +0 leather armour
 l - a +0 robe
 n - a +0 helmet
 s - a +0 pair of gloves (worn)
 w - a +0 buckler (worn)
Jewellery
 x - an amulet of guardian spirit (around neck)
Scrolls
 c - a scroll of enchant weapon {unknown}
 f - a scroll of fog {unknown}
 h - 6 scrolls of identify
 o - a scroll of teleportation {unknown}
 u - a scroll of random uselessness {unknown}
 y - a scroll of blinking {unknown}
 D - a scroll of magic mapping {unknown}
Potions
 t - a potion of cancellation {unknown}
 v - a potion of flight {unknown}
 A - a potion of haste {unknown}
 E - 2 potions of resistance {unknown}
Books
 b - a book of Changes

   Spells                             Type                      Level
   a - Beastly Appendage              Transmutation                1
   b - Sticks to Snakes               Transmutation                2
   c - Spider Form                    Transmutation/Poison         3
   d - Ice Form                       Ice/Transmutation            4
   e - Blade Hands                    Transmutation                5
Comestibles
 p - 2 chunks of flesh
 z - 2 bread rations
 B - a royal jelly


   Skills:
 + Level 3.0 Fighting
 - Level 0.1 Short Blades
 + Level 2.4 Maces & Flails
 + Level 2.9 Dodging
 + Level 1.9 Shields
 - Level 3.3 Unarmed Combat
 + Level 3.2 Spellcasting
 - Level 2.5 Transmutations


You had 10 spell levels left.
You knew the following spells:

 Your Spells              Type           Power        Failure   Level  Hunger
a - Beastly Appendage     Tmut           #.....       10%         1    #......


Dungeon Overview and Level Annotations

Branches:
Dungeon (4/15)
 Temple: D:4-7

Altars:
Makhleb
Trog
Uskayaw


Innate Abilities, Weirdness & Mutations

Your plain brown scales are hard. (AC +6)
You cannot fit into any form of body armour.
You are cold-blooded and may be slowed by cold attacks.


Message History

You hit the adder but do no damage. The adder bites you but does no damage.
You barely miss the adder. The adder misses you. The adder bites you.
You are poisoned.
The adder poisons you!
You barely miss the adder.
Your tail-slap misses the adder.
You feel sick. The adder closely misses you. The adder barely misses you.
You miss the adder.
You feel sick. The adder barely misses you.
You miss the adder.
The adder bites you but does no damage. x2
You hit the adder.
The adder is moderately wounded.
You feel sick. The adder barely misses you.
The adder bites you but does no damage.
You hit the adder but do no damage.
The adder is moderately wounded.
The adder closely misses you.
You thump the adder!
You kill the adder!
You feel sick. The ogre hits you with a giant club!!
You barely miss the ogre. The ogre hits you with a giant club!!
You die...

.. .##.#.
#.##.....
#.......#
#.....>.# ##
#.......# ##8##
#......##8..(8
#/.....##..... #
###).#O#>..... .
## #@##..... #
#.##8...8 # #.#
##8## #
#.################
#.................
#######.......<...
........#####.###.
.######.# #.# #.
#.# #.# #.


You could see an ogre.

Vanquished Creatures
  The ghost of SCCSCCS the Sneak, an amateur OpAs of Makhleb (D:3)
  A crimson imp (D:3)
  Jessica (D:2)
  6 adders
  An ooze (D:3)
  2 worms (D:3)
  3 dart slugs
  3 leopard geckos
  2 orcs
  2 ball pythons (D:3)
  12 bats
  2 giant cockroaches
  8 goblins
  6 hobgoblins
  4 jackals (D:3)
  A quokka (D:3)
  6 frilled lizards
  7 kobolds
  12 rats
80 creatures vanquished.

Notes
Turn   | Place    | Note
-------+----------+-------------------------------------------
     0 | D:1      | frosgods the Draconian Transmuter began the quest for the Orb.
     0 | D:1      | Reached XP level 1. HP: 16/16 MP: 3/3
   567 | D:1      | Reached XP level 2. HP: 20/23 MP: 5/5
  1586 | D:2      | Reached XP level 3. HP: 28/28 MP: 6/6
  1639 | D:2      | Found a bloodstained altar of Trog.
  1778 | D:2      | Noticed Jessica
  1786 | D:2      | Killed Jessica
  1786 | D:2      | Reached skill level 1 in Maces & Flails
  1786 | D:2      | Reached XP level 4. HP: 34/36 MP: 7/7
  2055 | D:2      | Found a hide-covered altar of Uskayaw.
  2441 | D:3      | Noticed SCCSCCS's ghost (amateur OpAs)
  2740 | D:3      | Killed SCCSCCS's ghost
  2740 | D:3      | Reached skill level 1 in Shields
  2740 | D:3      | Reached XP level 5. HP: 14/42 MP: 7/9
  3415 | D:3      | Found a burning altar of Makhleb.
  3429 | D:3      | Reached XP level 6. HP: 48/50 MP: 10/10
  3666 | D:4      | Slain by an ogre

Vault maps used:
D:1:      dpeg_arrival_rooms_with_view
D:2:      overflow_temple_1_default, eat_drink_and_be_merry_uskayaw,
          uniq_jessica
D:3:      makhleb_grotto_becter
D:4:      nicolae_overflow_hidden_temple, first_bread

Skill      XL: |  1  2  3  4  5  6 |
---------------+-------------------+-----
Dodging        | 2 |  2.9
Maces & Flails | 1 2 |  2.4
Fighting       | 2 3 |  3.0
Shields        | 1 |  1.9
Spellcasting   | 3 |  3.2
Short Blades   | |  0.1
Unarmed Combat | |  3.3
Transmutations | |  2.5

Action                   |  1- 3 |  4- 6 || total
-------------------------+-------+-------++-------
Melee: Spear             |    10 |       ||    10
       Short sword       |    15 |       ||    15
       Unarmed           |     3 |       ||     3
       Tailslap          |     7 |    12 ||    19
       Mace              |    55 |   181 ||   236
       Club              |     4 |       ||     4
       Punch             |     2 |       ||     2
Throw: Tomahawk          |     2 |    11 ||    13
  Use: Scroll            |     2 |       ||     2
  Eat: Bread ration      |     1 |       ||     1
       Chunk             |     1 |       ||     1
       Meat ration       |       |     1 ||     1
Armor: Skin              |    44 |    70 ||   114
Dodge: Dodged            |    75 |   158 ||   233
Block: Buckler           |       |    30 ||    30

Table legend:
 A = Spawn XP
 B = Non-spawn XP
 C = Spawn XP percentage of total XP
 D = Spawn monster count
 E = Non-spawn monster count
 F = Spawn count percentage of total count
 G = Total turns spent on level
                    A         B        C        D         E        F      G
               +---------+---------+-------+---------+---------+-------+---------
         Total |       0 |     473 |   0.0 |       0 |      80 |   0.0 |  3666
               +---------+---------+-------+---------+---------+-------+---------
           D:1 |       0 |      38 |   0.0 |       0 |      22 |   0.0 |  1550
           D:2 |       0 |      86 |   0.0 |       0 |      23 |   0.0 |  1129
           D:3 |       0 |     304 |   0.0 |       0 |      30 |   0.0 |   907
           D:4 |       0 |      45 |   0.0 |       0 |       5 |   0.0 |    80
               +---------+---------+-------+---------+---------+-------+---------
